 Dungeon Crawl Stone Soup version 0.23-a0-391-g8c51ad5 (webtiles) character file.

1790 riellis the Sneak (level 9, 0/59 HPs)
             Began as an Octopode Transmuter on Oct 30, 2018.
             Was an Initiate of Kikubaaqudgha.
             Slain by a killer bee (7 damage)
             ... on level 8 of the Dungeon.
             The game lasted 00:21:21 (8524 turns).

riellis the Sneak (Octopode Transmuter)             Turns: 8524, Time: 00:21:21

Health: 0/59       AC:  1    Str: 12    XL:     9   Next: 8%
Magic:  12/12      EV: 13    Int: 19    God:    Kikubaaqudgha [......]
Gold:   412        SH:  9    Dex: 12    Spells: 2/12 levels left

rFire    . . .     SeeInvis .   f - +2 dagger (venom)
rCold    . . .     Gourm    .   e - +0 shield
rNeg     . . .     Faith    .   (helmet restricted)
rPois    .         Spirit   .   (no amulet)
rElec    .         Reflect  .   b - ring of stealth
rCorr    .         Harm     .   o - +3 ring of strength
MR       .....                  (no ring)
Stlth    +++++.....             (no ring)
HPRegen  0.19/turn              (no ring)
MPRegen  0.13/turn              (no ring)
                                (no ring)
                                (no ring)

@: lethally poisoned (0 -> -11)
A: almost no armour, stealthy swim, amphibious, 8 rings, constrict 8, camouflage
1, gelatinous body 1
a: Renounce Religion


You were on level 8 of the Dungeon.
You worshipped Kikubaaqudgha.
Kikubaaqudgha was noncommittal.
You were not hungry.

You visited 2 branches of the dungeon, and saw 9 of its levels.

You collected 412 gold pieces.

Inventory:

Hand Weapons
 f - a +2 dagger of venom (weapon)
 m - a +0 hunting sling
 q - a +0 hunting sling
 x - a +2 flail of protection
 D - a +1 halberd of freezing
 E - a +0 great sword
 H - a +2 dagger of venom
 J - the +8 dagger of Duty {pierce, Int+3}
   (You found it on level 5 of the Dungeon)

   It inflicts extra damage upon your enemies.
   It affects your intelligence (+3).
Missiles
 a - 86 arrows
 d - 57 poisoned needles
 j - 6 javelins
 n - 172 stones
 I - 7 tomahawks of returning
 K - 6 needles of confusion
 L - 3 tomahawks (quivered)
Armour
 e - a +0 shield (worn)
Jewellery
 b - a ring of stealth (left tentacle)
 o - a +3 ring of strength (right tentacle)
Wands
 t - a wand of iceblast (14)
 w - a wand of random effects (17)
 z - a wand of acid (15)
Scrolls
 g - 4 scrolls of teleportation
 h - a scroll of magic mapping
 i - 2 scrolls of identify
 u - a scroll of fog
 y - a scroll of enchant weapon {unknown}
Potions
 k - 3 potions of curing
 l - 7 potions of agility
 p - a potion of mutation {unknown}
 r - a potion of heal wounds {unknown}
 s - a potion of ambrosia {unknown}
 A - 4 potions of flight
 B - a potion of lignification {unknown}
 F - a potion of cancellation {unknown}
 G - 2 potions of magic
Comestibles
 c - 13 rations


   Skills:
 - Level 4.6 Fighting
 - Level 4.9 Dodging
 - Level 5.9 Stealth
 * Level 4.8 Shields
 - Level 5.5 Unarmed Combat
 - Level 2.0 Spellcasting
 - Level 3.0 Transmutations
 - Level 2.4 Ice Magic
 - Level 3.0 Poison Magic


You had 2 spell levels left.
You knew the following spells:

 Your Spells              Type           Power        Failure   Level  Hunger
a - Beastly Appendage     Tmut           ##....       19%         1    #......
b - Sticks to Snakes      Tmut           ##......     26%         2    ###....
c - Spider Form           Tmut/Pois      ##........   47%         3    ###....
d - Ice Form              Ice/Tmut       ##......     90%         4    #####..

Your spell library contained the following spells:

 Spells                   Type           Power        Failure   Level  Hunger
 Magic Dart               Conj           #...         52%         1    #......
 Searing Ray              Conj           #.....       67%         2    ###....
 Dazzling Spray           Conj/Hex       #.....       88%         3    ###....
 Force Lance              Conj/Tloc      #.......     99%         4    #####..
 Fulminant Prism          Conj/Hex       #.........   99%         4    #####..
 Iskenderun's Mystic Bla  Conj           #.......     99%         4    #####..
 Blade Hands              Tmut           ##........   99%         5    ######.


Dungeon Overview and Level Annotations

Branches:
Dungeon (8/15)             Temple (1/1) D:6
   Lair: D:8-11

Altars:
Ashenzari
Dithmenos
Elyvilon
Fedhas
Gozag
Hepliaklqana
Kikubaaqudgha
Makhleb
Nemelex Xobeh
Okawaru
Qazlal
Sif Muna
Trog
Uskayaw
Vehumet
Xom
Yredelemnul
Zin
The Shining One


Innate Abilities, Weirdness & Mutations

You cannot wear most types of armour.
You are very stealthy in the water. (Stealth+)
You are amphibious.
You can wear up to eight rings at the same time.
You can use your tentacles to constrict eight enemies at once.
Your skin changes colour to match your surroundings (Stealth+).
Your rubbery body absorbs attacks. (AC +1, EV +1)


Message History

The killer bee barely misses you. The killer bee stings you!
You are poisoned.
The killer bee poisons you! You block the killer bee's attack. x3
The centaur simulacrum hits you. The centaur simulacrum freezes you.
The killer bee stings you!
You block the hound simulacrum's attack.
The killer bee completely misses you. The killer bee closely misses you.
The centaur simulacrum closely misses you.
The hound simulacrum bites you. The hound simulacrum freezes you!
There is a stone staircase leading up, spattered with blood here.
You feel sick. The killer bee stings you.
* * * LOW HITPOINT WARNING * * *
You block the killer bee's attack. x2; The killer bee stings you.
* * * LOW HITPOINT WARNING * * *
You are lethally poisoned!
The killer bee poisons you!
The centaur simulacrum barely misses you.
The killer bee stings you!
You die...
Kikubaaqudgha rasps: "You have failed me!
Welcome... death!"

.g...... ..#≈.#
.... .%<≈.# ##
... . ...≈.# ..
..###.. ...≈.#
##.#..#§§#
..5≈.#
.....§§§#
..(..##
###.Y.h§§# .
..(...#
...#..Zyy§#....
≈?≈≈..#
......Z@y..c...
≈.≈≈..#
####.#.#y.#(...
≈.≈≈..# ... .##
. ≈≈≈≈.... #...
.# ≈≈≈≈.≈....
#... ..
≈≈≈5...... ....
## ≈.≈≈.≈....
.##..
≈.≈.≈;......
#..


You could see a polar bear, a yak, a centaur, 4 killer bees, a hound simulacrum
and a centaur simulacrum.

Vanquished Creatures
  A water moccasin (D:4)
  2 orc warriors (D:6)
  3 ice beasts
  An ogre (D:4)
  A wolf (D:7)
  2 centaurs
  3 bullfrogs
  A water moccasin skeleton (D:7)
  A howler monkey (D:4)
  A bullfrog zombie (D:5)
  2 crimson imps
  4 orc priests
  A jelly (D:6)
  3 orc wizards
  2 worker ants
  Ijyb (D:4)
  Terence (D:3)
  A hound zombie (D:6)
  4 adders
  2 adder skeletons
  2 worms
  A dart slug (D:1)
  5 leopard geckos
  13 orcs
  7 bats
  2 giant cockroaches
  9 hobgoblins
  13 kobolds
  5 quokkas
  2 ball pythons
  A frilled lizard (D:2)
  10 goblins
  A jackal skeleton (D:6)
  A jackal zombie (D:5)
  A quokka skeleton (D:8)
  6 rats
116 creatures vanquished.

Vanquished Creatures (collateral kills)
  A worker ant (D:4)
1 creature vanquished.

Grand Total: 117 creatures vanquished

Notes
Turn   | Place    | Note
-------+----------+-------------------------------------------
     0 | D:1      | riellis the Octopode Transmuter began the quest for the
                  | Orb.
     0 | D:1      | Reached XP level 1. HP: 13/13 MP: 3/3
   101 | D:1      | Reached skill level 1 in Stealth
   102 | D:1      | Reached XP level 2. HP: 11/18 MP: 5/5
   438 | D:1      | Reached XP level 3. HP: 23/23 MP: 6/6
   442 | D:1      | Learned a level 2 spell: Sticks to Snakes
   446 | D:1      | Learned a level 3 spell: Spider Form
  1722 | D:2      | Reached XP level 4. HP: 28/28 MP: 7/7
  2204 | D:3      | Reached skill level 1 in Poison Magic
  2937 | D:3      | Noticed Terence
  2950 | D:3      | Killed Terence
  2950 | D:3      | Reached XP level 5. HP: 27/34 MP: 5/8
  3046 | D:2      | Found a radiant altar of Vehumet.
  3046 | D:2      | Found a glowing silver altar of Zin.
  3362 | D:4      | Noticed Ijyb
  3372 | D:4      | Killed Ijyb
  3521 | D:4      | Found a shattered altar of Ashenzari.
  3562 | D:4      | Noticed an ogre
  3571 | D:4      | Killed an ogre
  3571 | D:4      | Reached XP level 6. HP: 6/41 MP: 9/9
  4067 | D:4      | You fall through a shaft!
  4067 | D:5      | Entered Level 5 of the Dungeon
  4281 | D:5      | Found a stormy altar of Qazlal.
  4295 | D:5      | Noticed a water moccasin
  4295 | D:5      | Noticed an ice beast
  4316 | D:4      | Killed a water moccasin
  4316 | D:4      | Reached XP level 7. HP: 6/45 MP: 10/10
  5354 | D:4      | Learned a level 4 spell: Ice Form
  5928 | D:5      | Got a jewelled dagger
  5929 | D:5      | Identified the +8 dagger of Duty {pierce, Int+3} (You found
                  | it on level 5 of the Dungeon)
  6258 | D:6      | Found a shadowy altar of Dithmenos.
  6593 | D:5      | Reached skill level 1 in Ice Magic
  6593 | D:5      | Reached XP level 8. HP: 13/54 MP: 11/11
  6829 | D:5      | Reached skill level 5 in Unarmed Combat
  6863 | D:6      | Reached skill level 5 in Stealth
  7025 | D:6      | Found an opulent altar of Gozag.
  7305 | D:6      | Found an iron altar of Okawaru.
  7549 | D:6      | Reached skill level 1 in Shields
  7625 | D:6      | Found a glowing silver altar of Zin.
  7680 | D:6      | Found a staircase to the Ecumenical Temple.
  7692 | Temple   | Entered the Ecumenical Temple
  7782 | Temple   | Became a worshipper of Kikubaaqudgha
  8080 | D:7      | Found a white marble altar of Elyvilon.
  8219 | D:7      | Reached XP level 9. HP: 59/59 MP: 12/12
  8519 | D:8      | Noticed a polar bear
  8524 | D:8      | Slain by a killer bee

Vault maps used:
D:1:      dpeg_arrival_rooms_c, chequers_garden
D:2:      nicolae_overflow_hidden_temple
D:3:      uniq_terence
D:4:      ashenzari_altar_1, uniq_ijyb
D:5:      first_ration, nicolae_qazlal_general_emergency
D:6:      marbit_many_paths, grunt_dithmenos_smoke,
          nicolae_gozag_cash_rules_everything_around_me,
          minmay_temple_entry_fiery, basic_altar
D:7:      elyvilon_altar_1
D:8:      kennysheep_little_box, hangedman_ru_absence, serial_ice, serial_ice_f,
          serial_ice_k, serial_ice_n, serial_ice_g, serial_ice_a, serial_ice_m,
          serial_ice_h, serial_ice_e
Temple:   nicolae_temple_hex_pool

Skill      XL: |  1  2  3  4  5  6  7  8 |
---------------+-------------------------+-----
Stealth        | 1 2 3 4 5 |  5.9
Poison Magic   | 1 2 3 |  3.0
Transmutations | 3 |  3.0
Fighting       | 2 4 |  4.6
Dodging        | 3 4 |  4.9
Unarmed Combat | 4 5 |  5.5
Ice Magic      | 1 2 |  2.4
Shields        | 4 |  4.8
Spellcasting   | |  2.0

Action                   |  1- 3 |  4- 6 |  7- 9 || total
-------------------------+-------+-------+-------++-------
Melee: Unarmed           |    17 |     8 |    46 ||    71
       Constrict         |    24 |    11 |    15 ||    50
       Punch             |     2 |     1 |     2 ||     5
       Dagger            |    58 |    45 |    74 ||   177
       Kick              |     5 |       |       ||     5
       Tentacles         |     5 |     6 |    17 ||    28
       Halberd           |       |    10 |       ||    10
       Flail             |       |       |     4 ||     4
Throw: Tomahawk          |       |       |     3 ||     3
 Cast: Beastly Appendage |     4 |       |       ||     4
       Spider Form       |       |     1 |     8 ||     9
       Sticks to Snakes  |       |     3 |       ||     3
Evoke: Wand              |       |     2 |       ||     2
  Use: Scroll            |       |     4 |     9 ||    13
       Potion            |       |     1 |     2 ||     3
 Stab: Sleeping          |    12 |    12 |    11 ||    35
       Distracted        |       |     1 |       ||     1
       Confused          |       |     1 |       ||     1
  Eat: Chunk             |     1 |     6 |    14 ||    21
       Ration            |       |     1 |       ||     1
Armor: Skin              |     6 |     2 |    11 ||    19
Dodge: Dodged            |    43 |    31 |   105 ||   179
Block: Shield            |       |       |    16 ||    16

Table legend:
 A = Non-vault XP
 B = Vault XP
 C = Vault XP percentage of total XP
 D = Non-vault monster count
 E = Vault monster count
 F = Vault count percentage of total count
                 A         B        C        D         E       F
            +---------+---------+-------+---------+---------+-------
      Total |    2368 |     190 |   7.4 |     113 |       4 |   3.4
            +---------+---------+-------+---------+---------+-------
        D:1 |      56 |       0 |   0.0 |      30 |       0 |   0.0
        D:2 |      31 |       0 |   0.0 |      17 |       0 |   0.0
        D:3 |      71 |      36 |  33.6 |      19 |       1 |   5.0
        D:4 |     565 |      36 |   6.0 |      12 |       1 |   7.7
        D:5 |     398 |       0 |   0.0 |      12 |       0 |   0.0
        D:6 |     871 |       2 |   0.2 |      16 |       1 |   5.9
        D:7 |     375 |     116 |  23.6 |       6 |       1 |  14.3
        D:8 |       1 |       0 |   0.0 |       1 |       0 |   0.0
            +---------+---------+-------+---------+---------+-------
